 Dungeon Crawl Stone Soup version 0.21.0-37-g46506fa (webtiles) character file.

331926 JeffiDaFish the Spry (level 21, -44/164 HPs)
             Began as a Gargoyle Fighter on Jan 30, 2018.
             Was the Champion of Okawaru.
             Killed from afar by a golden dragon (68 damage)
             ... with a bolt of cold
             ... on level 4 of the Vaults on Jan 31, 2018.
             The game lasted 02:04:09 (41983 turns).

JeffiDaFish the Spry (Gargoyle Fighter)            Turns: 41983, Time: 02:04:09

Health: -44/164    AC: 54    Str: 29    XL:     21   Next: 78%
Magic:  18/22      EV: 24    Int:  8    God:    Okawaru [******]
Gold:   1196       SH: 20    Dex: 15    Spells: 20/20 levels left

rFire    + . .     SeeInvis .   t - +9 eveningstar (venom)
rCold    . . .     Gourm    .   J - +0 shield {AC+3}
rNeg     + . .     Faith    .   x - +4 plate armour {rF+}
rPois    ∞         Spirit   .   g - +2 helmet
rElec    +         Reflect  +   B - +2 cloak {+Inv}
rCorr    .         Harm     .   M - +1 pair of gloves of Wasted Space {rPois Str+6}
MR       +....                  C - +2 pair of boots of the Assassin {Detection Stab+ Stlth++}
Stlth    ..........             q - +4 amulet of reflection
HPRegen  0.37/turn              K - +2 ring of dexterity
MPRegen  0.18/turn              m - +5 ring of evasion

@: finesse, flying, studying Shields
A: big wings, clumsy 1, dopey 1, low mp 1, negative energy resistance 1, robust
2, electricity resistance, unbreathing, petrification resistance, rot immunity,
AC +16
}: 2/15 runes: decaying, serpentine
a: Stop Flying, Heroism, Finesse, Renounce Religion, Evoke Invisibility


You were on level 4 of the Vaults.
You worshipped Okawaru.
Okawaru was exalted by your worship.
You were hungry.

You visited 7 branches of the dungeon, and saw 37 of its levels.
You visited the Abyss 1 time.
You visited 1 bazaar.
You also visited: Labyrinth.

You collected 3611 gold pieces.
You spent 2415 gold pieces at shops.

Inventory:

Hand Weapons
 t - a +9 eveningstar of venom (weapon)
Armour
 g - a +2 helmet (worn)
 x - a +4 plate armour of fire resistance (worn)
 B - a +2 cloak of invisibility (worn)
 C - the +2 pair of boots of the Assassin (worn) {Detection Stab+ Stlth++}
   (You found it in a labyrinth)

   It makes you much more stealthy.
 J - a +0 shield of protection (worn)
 M - the +1 pair of gloves of Wasted Space (worn) {rPois Str+6}
   (You bought it in a shop in a bazaar)

   It affects your strength (+6).
   It protects you from poison.
 N - the +2 pair of boots of the Desert {rCorr}
   (You bought it in a shop on level 3 of the Snake Pit)

   It protects you from acid and corrosion.
Jewellery
 m - a +5 ring of evasion (right hand)
 p - an uncursed ring of protection from cold
 q - a +4 amulet of reflection (around neck)
 r - an uncursed ring of resist corrosion
 A - an uncursed ring of see invisible
 F - an uncursed ring of protection from fire
 K - a +2 ring of dexterity (left hand)
Wands
 n - a wand of iceblast (57)
Scrolls
 a - a scroll of summoning
 d - 3 scrolls of fear
 e - 7 scrolls of remove curse
 i - 10 scrolls of teleportation
 k - a scroll of silence
 o - a scroll of identify
 s - 8 scrolls of magic mapping
 w - 3 scrolls of blinking
 y - a scroll of fog
 z - a scroll of holy word
 H - 4 scrolls of enchant weapon
 O - a scroll of amnesia
Potions
 b - 2 potions of resistance
 c - 2 potions of cancellation
 h - 4 potions of haste
 l - 8 potions of curing
 u - 2 potions of might
 I - 2 potions of brilliance
 L - a potion of magic
Books
 j - a book of Minor Magic

   Spells                             Type                      Level
   a - Magic Dart                     Conjuration                  1
   b - Blink                          Translocation                2
   c - Call Imp                       Summoning                    2
   d - Slow                           Hexes                        2
   e - Conjure Flame                  Conjuration/Fire             3
   f - Mephitic Cloud                 Conjuration/Poison/Air       3
 E - a manual of Shields
Comestibles
 f - 69 rations
 G - 4 chunks of flesh


   Skills:
 + Level 16.5 Fighting
 + Level 17.1 Maces & Flails
 + Level 16.5 Armour
 * Level 18.2 Dodging
 + Level 17.5 Shields
 - Level 5.5 Invocations


You had 20 spell levels left.
You didn't know any spells.

Dungeon Overview and Level Annotations

Branches:
Dungeon (15/15)            Temple (1/1) D:5            Lair (6/6) D:11
  Swamp (4/4) Lair:2        Snake (4/4) Lair:4        Slime (0/5) Lair:6
    Orc (2/2) D:10            Elf (0/3) Orc:2        Vaults (5/5) D:14
  Crypt (0/3) Vaults:2     Depths (0/5) D:15

Altars:
Ashenzari
Cheibriados
Dithmenos
Fedhas
Gozag
Hepliaklqana
Kikubaaqudgha
Makhleb
Nemelex Xobeh
Okawaru
Ru
Sif Muna
Uskayaw
Xom
Yredelemnul
Zin
Beogh
Jiyva

Shops:
D:5 }?%?[   D:14 %   Orc:2 **(}   Snake:1 [   Snake:3 [

Portals:
Pandemonium: Orc:2


Innate Abilities, Weirdness & Mutations

You are resistant to torment.
Your stone body is resilient. (AC +16)
You are immune to poison.
Your large and strong wings let you fly indefinitely.
You resist negative energy. (rN+)
You are resistant to electric shocks. (rElec)
You can survive without breathing.
You are immune to petrification.
You are immune to rotting.
You are clumsy. (Dex -2)
You are dopey. (Int -2)
Your magical capacity is low. (-10% MP)
You are very robust. (+20% HP)


Message History

The frost giant looks as sick as possible!
The frost giant is severely wounded.
You block the yaktaur captain's attack.
The storm dragon bites you but does no damage.
The storm dragon completely misses you. x2; You block the frost giant's attack.
You spit the frost giant like a pig!!!
You kill the frost giant!
Okawaru accepts your kill. The tengu reaver misses you.
You block the tengu reaver's attack. x2
The golden dragon completely misses you. x2
The golden dragon tramples you but does no damage.
You completely miss the golden dragon.
The golden dragon is moderately wounded.
You block the green very ugly thing's attack.
You feel better. You block the storm dragon's attack. x2
The storm dragon barely misses you.
The yaktaur captain hits you but does no damage.
The golden dragon breathes cold at you. The bolt of cold hits you!
You die...

#....#.........#....#..........
#....#.........#....#..........
#....#####'#####....#########'#
#..............................
#..............................
#...#######'#############......
#...#.##.##.##.##.##.##.#......
#...#........DDQ*[...(..#......
#...#...8..8.c@)[8..8[..'.....?
#...#........))u)[[.)(..#..(...
#...'.##.##.##.##.##?##.#......
#...#######'#####+#####'#####..
#......#..........#.#.......#..
#......#..........#.#.......#..
#......#...####...#.#..###..#..
#......#..##..'#..#.#..# #..#..
#......#..#....#..'.#..###..#..


You could see a golden dragon, a storm dragon, a green very ugly thing, a tengu
reaver, a yaktaur captain and a battlesphere.

Vanquished Creatures
  Xtahua (Vaults:2)
  Margery (Vaults:3)
  Nikola (Snake:4)
  A bone dragon (Swamp:4)
  A lich (Vaults:4)
  A tentacled monstrosity (Vaults:5)
  A titan (Vaults:4)
  Gastronok (D:9)
  3 sphinxes
  Kirke (D:11)
  2 thorn hunters
  An iron dragon (Vaults:3)
  3 frost giants (Vaults:4)
  13 nagarajas
  A tengu reaver (Vaults:4)
  8 vault wardens
  5 stone giants
  11 ironheart preservers
  7 very ugly things
  2 entropy weavers (Vaults:3)
  A deep elf demonologist (Vaults:1)
  2 deep elf annihilators (Vaults:2)
  A dire elephant (Lair:6)
  3 ettins
  A crystal guardian (Vaults:4)
  A minotaur (Lab)
  4 fire dragons (Vaults:2)
  5 yaktaur captains
  3 great orbs of eyes
  17 naga warriors
  2 ice dragons
  Harold (Lair:3)
  The ghost of TheDoctor the Grappler, a journeyman TrMo of Hepliaklqana (D:11)
  26 vault guards
  14 hydras
  2 rakshasas
  Erica (D:9)
  5 centaur warriors
  5 ghost crabs
  9 anacondas
  4 catoblepae
  4 death knights
  4 alligators
  6 ogre magi
  A deep troll earth mage (Vaults:1)
  21 two-headed ogres
  3 death yaks (Lair:6)
  2 deep troll shamans
  Urug (D:12)
  9 naga sharpshooters
  2 orc high priests (Orc:2)
  7 hell knights
  7 shock serpents
  A soul eater (Orc:2)
  A salamander mystic (Snake:4)
  7 skeletal warriors (D:15)
  2 shadow wraiths
  2 flayed ghosts
  A spark wasp zombie (D:15)
  A spatial maelstrom (Abyss:3)
  A death drake (Swamp:4)
  12 deep trolls
  7 swamp dragons
  6 wizards
  A spriggan druid (Swamp:2)
  9 naga ritualists
  10 ironbrand convokers
  3 shambling mangroves
  3 torturous demonspawn (Orc:2)
  2 deep elf archers (Vaults:1)
  3 spectral hydras (Swamp:4)
  A lindwurm (Lair:6)
  Pikel (D:6)
  4 necromancers
  A lindwurm (shapeshifter) (Vaults:4)
  5 mana vipers
  10 orc sorcerers (Orc:2)
  A stone giant zombie (D:15)
  17 orc knights
  7 deep elf magi
  5 wolf spiders
  46 ugly things
  5 salamanders
  4 cyclopes
  2 manticores (D:12)
  A fire giant skeleton (Vaults:4)
  33 slime creatures
  2 elephants (Lair:6)
  Maurice (Orc:2)
  32 naga magi
  34 black mambas
  6 vault sentinels
  2 guardian serpents
  A gargoyle (D:8)
  3 swamp worm zombies (Swamp:4)
  20 spiny frogs
  9 komodo dragons
  35 yaktaurs
  5 rime drakes
  A kobold demonologist (D:15)
  An efreet (D:15)
  2 freezing wraiths
  A yaktaur skeleton (Vaults:4)
  2 hydra zombies (Swamp:4)
  A hellwing (Orc:2)
  A meliai (shapeshifter) (D:15)
  A meliai (D:8)
  3 polar bears (Lair:5)
  7 trolls
  A merfolk (D:10)
  A hornet (shapeshifter) (Vaults:4)
  2 spectral swamp dragons (Swamp:4)
  Grinder (D:4)
  9 hornets
  Prince Ribbit (Lair:3)
  5 alligator zombies (Swamp:4)
  9 tyrant leeches
  2 dream sheep (Lair:6)
  7 hippogriffs
  27 blink frogs
  6 bog bodies
  A deep troll zombie (D:15)
  A stone giant simulacrum (Vaults:3)
  A frost giant simulacrum (Vaults:1)
  A vampire (D:13)
  32 yaks
  An ettin skeleton (D:15)
  2 shadows
  A tarantella (Vaults:3)
  7 redbacks
  2 wraiths
  5 spriggans
  10 basilisks
  4 fire bats (Abyss:3)
  22 humans
  6 hungry ghosts
  22 vampire mosquitoes
  A neqoxec (Orc:2)
  2 chaos spawn (Orc:2)
  Menkaure (D:7)
  6 wargs
  33 nagas
  24 insubstantial wisps
  5 acid dragons
  13 swamp worms
  26 water moccasins
  Duvessa (D:4)
  A black bear (Lair:2)
  8 porcupines
  39 orc warriors
  6 swamp drakes
  5 swamp dragon zombies (Swamp:4)
  2 ice beasts
  11 phantoms
  4 sky beasts
  A slave (D:6)
  The ghost of Naga1771 the Ruffian, an amateur NaTm (D:3)
  24 ogres
  13 centaurs
  2 necrophages
  6 wolves
  12 crocodiles
  A boggart (shapeshifter) (Vaults:1)
  5 big kobolds
  A crocodile (shapeshifter) (Vaults:1)
  22 bullfrogs
  2 gnoll sergeants
  A wyvern zombie (D:7)
  11 scorpions
  Dowan (D:4)
  A human simulacrum (Vaults:4)
  7 killer bees
  7 wights
  A spriggan skeleton (Lab)
  6 howler monkeys
  7 crimson imps
  2 bullfrog zombies
  2 centaur zombies
  3 quasits
  5 centaur skeletons
  3 jellies
  28 orc priests
  9 hounds
  Ijyb (D:2)
  2 bullfrog skeletons
  5 iguanas
  A spectral swamp drake (Swamp:4)
  22 orc wizards
  11 worker ants
  A hound zombie (D:6)
  A hound skeleton (D:4)
  8 gnolls
  21 adders
  A swamp drake zombie (Swamp:4)
  6 shadow imps
  2 oozes
  5 adder zombies
  2 adder skeletons
  5 worms
  A dart slug (D:4)
  8 leopard geckos
  88 orcs
  6 ball pythons
  5 giant cockroaches
  11 goblins
  8 hobgoblins
  18 jackals
  5 quokkas
  A ball python skeleton (D:4)
  11 bats
  4 frilled lizards
  24 kobolds
  2 leopard gecko zombies
  6 rats
  4 plants (D:13)
1482 creatures vanquished.

Vanquished Creatures (others)
  2 yaktaur captains
  A centaur warrior (Vaults:1)
  4 naga sharpshooters
  A cyclops (Orc:2)
  2 salamanders (Snake:4)
  5 naga magi (Snake:4)
  A guardian serpent (Snake:3)
  A black mamba (Swamp:4)
  6 yaktaurs
  7 nagas (Snake:4)
  6 insubstantial wisps (Swamp:4)
  A swamp worm (Swamp:4)
  2 ogres (Vaults:2)
  A phantom (Swamp:4)
  6 centaurs
  An orc wizard (D:13)
  An adder (Swamp:4)
  3 orcs
  A ball python (Swamp:4)
  A kobold (D:9)
  6 fungi
  4 plants
  3 withered plants (D:15)
66 creatures vanquished.

Grand Total: 1548 creatures vanquished

Notes
Turn   | Place    | Note
-------+----------+-------------------------------------------
     0 | D:1      | JeffiDaFish the Gargoyle Fighter began the quest for the Orb.
     0 | D:1      | Reached XP level 1. HP: 14/14 MP: 1/1
   124 | D:1      | Reached XP level 2. HP: 19/19 MP: 2/2
   466 | D:1      | Reached XP level 3. HP: 19/23 MP: 3/3
   871 | D:2      | Reached XP level 4. HP: 21/29 MP: 4/4
  1078 | D:2      | Noticed Ijyb
  1102 | D:2      | Killed Ijyb
  1102 | D:2      | Reached skill level 1 in Dodging
  1119 | D:2      | Reached XP level 5. HP: 11/33 MP: 5/5
  2161 | D:3      | Noticed Naga1771's ghost (amateur NaTm)
  2178 | D:3      | Killed Naga1771's ghost
  2178 | D:3      | Reached XP level 6. HP: 35/38 MP: 6/6
  2972 | D:4      | Reached skill level 2 in Dodging
  2972 | D:4      | Reached skill level 5 in Shields
  3117 | D:4      | Identified the cursed +2 spear "Giantslayer" {venom, Fragile +Inv +Fly Str+6} (You found it on level 4 of the Dungeon)
  3263 | D:4      | Noticed Grinder
  3278 | D:4      | Killed Grinder
  3278 | D:4      | Reached XP level 7. HP: 27/44 MP: 7/7
  3280 | D:4      | Reached skill level 5 in Fighting
  3455 | D:4      | Found a sacrificial altar of Ru.
  3546 | D:4      | Noticed Dowan
  3561 | D:4      | Killed Dowan
  3569 | D:4      | Noticed Duvessa
  3603 | D:4      | Killed Duvessa
  3603 | D:4      | Reached skill level 3 in Dodging
  4190 | D:5      | Entered Level 5 of the Dungeon
  4207 | D:4      | Reached XP level 8. HP: 36/50 MP: 8/8
  4219 | D:4      | Reached skill level 5 in Armour
  4447 | D:5      | Found Cuhoz's Magic Scroll Emporium.
  4455 | D:5      | Bought a scroll of enchant weapon for 97 gold pieces
  4455 | D:5      | Bought a scroll of teleportation for 39 gold pieces
  4516 | D:5      | Reached skill level 5 in Maces & Flails
  4553 | D:5      | Found Gepp's Magic Scroll Emporium.
  4616 | D:5      | Found a staircase to the Ecumenical Temple.
  4628 | Temple   | Entered the Ecumenical Temple
  4652 | Temple   | Became a worshipper of Warmaster Okawaru
  4772 | D:5      | Reached skill level 4 in Dodging
  4876 | D:5      | Found Doqa's Food Emporium.
  5071 | D:5      | Found Gayl's Antique Armour Emporium.
  5146 | D:5      | Found Tisotso's Gadget Emporium.
  5358 | D:6      | Reached * piety under Okawaru
  5358 | D:6      | Reached XP level 9. HP: 43/56 MP: 9/9
  5584 | D:6      | Found an ancient bone altar of Kikubaaqudgha.
  5775 | D:6      | Noticed Pikel
  5802 | D:6      | Killed Pikel
  5802 | D:6      | Reached skill level 5 in Dodging
  6613 | D:7      | Noticed Menkaure
  6623 | D:7      | Killed Menkaure
  6827 | D:7      | Reached ** piety under Okawaru
  7016 | D:7      | Reached skill level 6 in Dodging
  7230 | D:7      | Reached XP level 10. HP: 63/63 MP: 10/10
  7767 | D:8      | Identified a scroll of acquirement
  7864 | D:8      | Reached *** piety under Okawaru
  8335 | D:8      | Found a runed door.
  8335 | D:8      | Found a runed door.
  8346 | D:8      | Noticed a deep elf mage
  8346 | D:8      | Noticed a gargoyle
  8346 | D:8      | Noticed a death knight
  8592 | D:8      | Noticed a two-headed ogre
  8609 | D:8      | Killed a two-headed ogre
  8609 | D:8      | Received a gift from Okawaru
  8609 | D:8      | Reached skill level 7 in Dodging
  9152 | D:8      | Killed a deep elf mage
  9152 | D:8      | Reached **** piety under Okawaru
  9152 | D:8      | Reached XP level 11. HP: 49/69 MP: 11/11
  9350 | D:8      | Killed a death knight
  9922 | D:9      | Noticed Gastronok
  9942 | D:9      | Killed Gastronok
  9942 | D:9      | Reached skill level 8 in Dodging
 10227 | D:9      | Noticed a two-headed ogre
 10237 | D:9      | Killed a two-headed ogre
 10472 | D:9      | Noticed Erica
 10481 | D:9      | Killed Erica
 10481 | D:9      | Reached ***** piety under Okawaru
 10652 | D:10     | Entered Level 10 of the Dungeon
 10786 | D:10     | Noticed a deep elf mage
 10791 | D:10     | Killed a deep elf mage
 10919 | D:10     | Received a gift from Okawaru
 10932 | D:10     | Reached XP level 12. HP: 58/77 MP: 12/12
 11454 | D:10     | Found a staircase to the Orcish Mines.
 11536 | D:11     | Noticed TheDoctor's ghost (journeyman TrMo)
 11560 | D:11     | Killed TheDoctor's ghost
 11560 | D:11     | Reached skill level 9 in Dodging
 12000 | D:11     | Noticed a two-headed ogre
 12006 | D:11     | Killed a two-headed ogre
 12036 | D:11     | Reached skill level 10 in Fighting
 12198 | D:5      | Bought a shiny chain mail for 187 gold pieces
 12251 | D:5      | Bought a scroll of teleportation for 36 gold pieces
 12251 | D:5      | Bought a scroll of enchant weapon for 90 gold pieces
 12251 | D:5      | Bought a scroll of enchant armour for 90 gold pieces
 12251 | D:5      | Bought a scroll of teleportation for 36 gold pieces
 12566 | D:11     | Found a staircase to the Lair.
 12568 | D:11     | Noticed an eight-headed hydra
 12573 | D:11     | Killed an eight-headed hydra
 13041 | Lair:1   | Entered Level 1 of the Lair of Beasts
 13817 | Lair:2   | Received a gift from Okawaru
 13891 | Lair:2   | Reached skill level 1 in Invocations
 14086 | Lair:2   | Reached skill level 10 in Dodging
 14242 | Lair:2   | Reached skill level 10 in Armour
 14312 | Lair:2   | Found a staircase to the Swamp.
 14898 | Lair:3   | Reached XP level 13. HP: 83/83 MP: 14/14
 14911 | Lair:3   | Noticed Prince Ribbit
 14926 | Lair:3   | Killed Prince Ribbit
 15176 | Lair:3   | Received a gift from Okawaru
 15176 | Lair:3   | Reached skill level 10 in Shields
 15301 | Lair:3   | Noticed Harold
 15317 | Lair:3   | Killed Harold
 15993 | Lair:4   | Gained mutation: You are robust. (+10% HP) [potion of mutation]
 15993 | Lair:4   | Gained mutation: You are clumsy. (Dex -2) [potion of mutation]
 15993 | Lair:4   | Gained mutation: You are very robust. (+20% HP) [potion of mutation]
 16077 | Lair:4   | Reached skill level 10 in Maces & Flails
 16373 | Lair:4   | Found a labyrinth entrance.
 16407 | Lab      | Entered a labyrinth
 16409 | Lab      | Got a faintly humming hat
 16420 | Lab      | Identified the +1 hat "Puorghieq" {Stlth+} (You acquired it in a labyrinth)
 16552 | Lab      | Received a gift from Okawaru
 16809 | Lab      | Noticed a minotaur
 16815 | Lab      | Killed a minotaur
 16818 | Lab      | Found the +2 pair of boots of the Assassin {Detection Stab+ Stlth++}
 17035 | Lair:4   | Found a staircase to the Snake Pit.
 17089 | Lair:4   | Got an ichor-stained hand crossbow
 17090 | Lair:4   | Identified the +2 hand crossbow of Hacking and Slashing {elec, *Contam *Slow rPois Str+8} (You found it on level 4 of the Lair of Beasts)
 17092 | Lair:4   | Gained mutation: You are dopey. (Int -2) [mutagenic glow]
 17620 | Lair:5   | Reached skill level 5 in Invocations
 17643 | Lair:5   | Gained mutation: Your large and strong wings let you fly indefinitely. [Gargoyle growth]
 17643 | Lair:5   | Reached XP level 14. HP: 107/108 MP: 17/17
 17882 | Lair:5   | Identified the Disquisition on the Damaging Compass
 18213 | Lair:6   | Entered Level 6 of the Lair of Beasts
 18284 | Lair:6   | Reached skill level 11 in Dodging
 18629 | Lair:6   | Found a viscous altar of Jiyva.
 18629 | Lair:6   | Found a staircase to the Slime Pits.
 18712 | Lair:6   | Identified the +9 plate armour "Reicuaff" {+Blink rC++ Dex-5} (You found it on level 6 of the Lair of Beasts)
 18767 | Lair:6   | Reached ****** piety under Okawaru
 18955 | Lair:6   | Received a gift from Okawaru
 19002 | Lair:6   | Noticed a dire elephant
 19017 | Lair:6   | Killed a dire elephant
 19328 | Lair:6   | Identified the Reference Book on Damaging Sinister Arts
 19581 | D:12     | Noticed Kirke
 19643 | D:12     | Noticed a sphinx
 19663 | D:11     | Killed Kirke
 19848 | D:12     | Noticed Urug
 19862 | D:12     | Killed Urug
 19957 | D:12     | Received a gift from Okawaru
 20478 | D:13     | Reached XP level 15. HP: 92/115 MP: 19/19
 21822 | D:14     | Found a gate to the Vaults.
 22092 | D:14     | Found Otih's Food Boutique.
 22173 | D:14     | Reached skill level 12 in Dodging
 22360 | D:15     | Entered Level 15 of the Dungeon
 22396 | D:15     | Cast into level 3 of the Abyss (a wizard)
 22455 | Abyss:3  | Reached skill level 15 in Shields
 22497 | D:15     | Escaped the Abyss
 22509 | D:15     | Received a gift from Okawaru
 22788 | D:15     | Found a staircase to the Depths.
 22824 | D:15     | Received a gift from Okawaru
 23448 | Orc:1    | Entered Level 1 of the Orcish Mines
 23596 | Orc:1    | You are sucked into a shaft!
 23596 | Orc:2    | Entered Level 2 of the Orcish Mines
 23598 | Orc:2    | Paralysed by an orc sorcerer for 6 turns
 23665 | Orc:2    | Reached XP level 16. HP: 46/121 MP: 20/20
 23765 | Orc:2    | Noticed Maurice
 23778 | Orc:2    | Killed Maurice
 24056 | Orc:2    | Found Cuptid's General Store.
 24058 | Orc:2    | Found Toygitus's General Store.
 24253 | Orc:2    | Bought a scroll of acquirement for 884 gold pieces
 24254 | Orc:2    | Got a dazzling hat
 24265 | Orc:2    | Identified the -4 hat of Garghos {rElec rF- MR+++ Int-5} (You acquired it on level 2 of the Orcish Mines)
 24279 | Orc:2    | Bought a potion of might for 60 gold pieces
 24326 | Orc:2    | Found a staircase to the Elven Halls.
 24396 | Orc:2    | Found a roughly hewn altar of Beogh.
 24523 | Orc:2    | HP: 2/121 [smoke demon/divine providence[an orc sorcerer] (12)]
 25068 | Orc:2    | Received a gift from Okawaru
 25084 | Orc:2    | Found Tosiceur's Antique Weapon Shop.
 25084 | Orc:2    | Found Maegof's Gadget Boutique.
 25088 | Orc:2    | Found a one-way gate leading to the halls of Pandemonium.
 25100 | Orc:2    | Paralysed by an orc sorcerer for 5 turns
 25103 | Orc:2    | Gained mutation: Your magical capacity is low. (-10% MP) [a neqoxec]
 25394 | Snake:1  | Entered Level 1 of the Snake Pit
 25411 | Snake:1  | Reached skill level 15 in Armour
 25944 | Snake:1  | Found Poryireb's Antique Armour Shop.
 25991 | Snake:1  | Reached skill level 13 in Dodging
 26350 | Swamp:1  | Entered Level 1 of the Swamp
 26350 | Swamp:1  | Noticed a thorn hunter
 26360 | Swamp:1  | Killed a thorn hunter
 26360 | Swamp:1  | Received a gift from Okawaru
 27139 | Swamp:2  | Received a gift from Okawaru
 27214 | Swamp:2  | Reached XP level 17. HP: 124/127 MP: 19/19
 28471 | Swamp:3  | Reached skill level 14 in Dodging
 28763 | Swamp:3  | Identified Roena's Incunabulum of Execration
 28970 | Swamp:4  | Entered Level 4 of the Swamp
 29297 | Swamp:4  | Received a gift from Okawaru
 30025 | Swamp:4  | Got a decaying rune of Zot
 30126 | Swamp:4  | Noticed a bone dragon
 30149 | Swamp:4  | Killed a bone dragon
 31226 | Snake:2  | Reached XP level 18. HP: 130/136 MP: 19/19
 31309 | Snake:3  | Received a gift from Okawaru
 31528 | Snake:3  | Found Azea's Antique Armour Shoppe.
 31538 | Snake:3  | Bought a pair of smoking boots for 266 gold pieces
 31548 | Snake:3  | Identified the +2 pair of boots of the Desert {rCorr} (You bought it in a shop on level 3 of the Snake Pit)
 31577 | Snake:3  | Reached skill level 15 in Dodging
 31837 | Snake:3  | Received a gift from Okawaru
 31915 | Snake:4  | Entered Level 4 of the Snake Pit
 31982 | Snake:4  | Upgraded the game from 0.21.0-36-ge3e1d5a to 0.21.0-37-g46506fa
 32176 | Snake:4  | Noticed Mara
 32187 | Snake:4  | Received a gift from Okawaru
 32214 | Snake:4  | Noticed Nikola
 32217 | Snake:4  | Noticed JeffiDaFish's illusion
 32586 | Snake:4  | Noticed JeffiDaFish's illusion
 32631 | Snake:4  | Received a gift from Okawaru
 32648 | Snake:4  | Noticed JeffiDaFish's illusion
 32648 | Snake:4  | Killed Nikola
 32661 | Snake:4  | HP: 6/139 [Mara/demon blade of draining (15)]
 33166 | Snake:4  | Reached XP level 19. HP: 99/145 MP: 20/20
 33208 | Snake:4  | Noticed JeffiDaFish's illusion
 33684 | Snake:4  | Noticed JeffiDaFish's illusion
 33743 | Snake:4  | HP: 3/146 [Mara (illusionary)/demon blade of draining (8)]
 34178 | Snake:4  | Noticed JeffiDaFish's illusion
 34644 | Snake:4  | Got a serpentine rune of Zot
 34941 | Vaults:1 | Entered Level 1 of the Vaults
 35004 | Vaults:1 | Reached skill level 16 in Dodging
 35031 | Vaults:1 | Received a gift from Okawaru
 35247 | Vaults:1 | Received a gift from Okawaru
 35432 | Vaults:1 | Received a gift from Okawaru
 35433 | Vaults:1 | Found the +8 whip "Snakebite" {curare, rPois}
 35777 | Vaults:1 | Reached skill level 15 in Maces & Flails
 36793 | Vaults:2 | Reached skill level 15 in Fighting
 36925 | Vaults:2 | Received a gift from Okawaru
 37016 | Vaults:2 | Found a flickering gateway to a bazaar.
 37022 | Bazaar   | Entered a bazaar
 37041 | Bazaar   | Found Dupsankupt's Antique Weapon Emporium.
 37056 | Bazaar   | Found Ysazud's Armour Emporium.
 37060 | Bazaar   | Bought the +1 pair of gloves of Wasted Space {rPois Str+6} for 466 gold pieces
 37082 | Bazaar   | Found Amezai's Gadget Shoppe.
 37082 | Bazaar   | Found Tiadd's Magic Scroll Emporium.
 37092 | Bazaar   | Bought a scroll of enchant weapon for 112 gold pieces
 37092 | Bazaar   | Bought a scroll of magic mapping for 52 gold pieces
 37156 | Vaults:2 | Noticed Xtahua
 37185 | Vaults:2 | Killed Xtahua
 37303 | Vaults:2 | Reached XP level 20. HP: 138/154 MP: 21/21
 37578 | Vaults:2 | Received a gift from Okawaru
 38020 | Vaults:2 | Received a gift from Okawaru
 38064 | Vaults:2 | Reached skill level 17 in Dodging
 38633 | Vaults:2 | Found a staircase to the Crypt.
 38811 | Vaults:3 | Received a gift from Okawaru
 38924 | Vaults:3 | Noticed Margery
 38969 | Vaults:3 | Killed Margery
 39593 | Vaults:3 | Paralysed by an ogre mage for 4 turns
 39621 | Vaults:3 | Received a gift from Okawaru
 40313 | Vaults:4 | Reached XP level 21. HP: 163/163 MP: 22/22
 40963 | Vaults:4 | Received a gift from Okawaru
 41484 | Vaults:5 | Entered Level 5 of the Vaults
 41598 | Vaults:4 | Reached skill level 18 in Dodging
 41627 | Vaults:5 | Noticed a golden dragon
 41881 | Vaults:4 | Received a gift from Okawaru
 41983 | Vaults:4 | Killed from afar by a golden dragon

Skill      XL: |  1  2  3  4  5  6  7  8  9 10 11 12 13 14 15 16 17 18 19 20 21 |
---------------+----------------------------------------------------------------+-----
Shields        | 4 5 6 7 8 9 10 13 15 16 17 | 17.5
Dodging        | 1 2 3 4 6 7 8 10 11 12 13 14 15 16 17 18 | 18.2
Maces & Flails | 3 4 5 6 7 8 9 10 11 12 14 15 16 17 | 17.1
Fighting       | 4 5 6 7 8 9 10 11 12 13 14 15 16 | 16.5
Armour         | 4 5 6 8 9 10 11 12 13 15 16 | 16.5
Invocations    | 2 5 |  5.5

Action                   |  1- 3 |  4- 6 |  7- 9 | 10-12 | 13-15 | 16-18 | 19-21 || total
-------------------------+-------+-------+-------+-------+-------+-------+-------++-------
Melee: Flail             |    97 |   254 |   441 |   146 |       |       |       ||   938
       Eveningstar       |       |       |       |   601 |  1461 |  1792 |  1754 ||  5608
       Unarmed           |       |       |       |       |    14 |       |       ||    14
Invok: Finesse           |       |       |       |     1 |     2 |     9 |     9 ||    21
       Heroism           |       |       |       |       |       |       |     1 ||     1
 Abil: Fly               |       |       |       |       |     1 |       |       ||     1
Evoke: Wand              |       |       |     1 |       |     5 |       |       ||     6
  Use: Scroll            |     5 |     5 |     4 |    19 |    17 |    11 |    10 ||    71
       Potion            |     3 |     4 |     2 |     3 |     4 |     3 |     5 ||    24
 Stab: Confused          |       |       |     1 |       |       |       |       ||     1
       Petrified         |       |       |       |       |     4 |       |       ||     4
  Eat: Chunk             |       |     8 |    14 |    23 |    31 |    19 |    23 ||   118
       Ration            |       |       |       |     1 |     1 |     4 |     2 ||     8
Armor: Scale mail        |    51 |   130 |       |       |       |       |       ||   181
       Chain mail        |       |    68 |   306 |   318 |   464 |    73 |       ||  1229
       Plate armour      |       |       |       |       |       |   830 |   638 ||  1468
Dodge: Dodged            |    30 |   104 |   130 |   262 |   824 |  1219 |   928 ||  3497
Block: Shield            |    52 |   219 |   371 |   664 |  1411 |  1915 |  1529 ||  6161
       Reflection        |       |       |    13 |    17 |    33 |    83 |   112 ||   258
       Other             |       |       |       |       |     1 |       |       ||     1
